 Dungeon Crawl Stone Soup version 0.17.1-3-g152610e (webtiles) character file.

5194 inmateoo the Arsonist (level 10, 0/56 HPs)
             Began as a Deep Elf Fire Elementalist on Feb 22, 2016.
             Was a Follower of Vehumet.
             Slain by a tentacled starspawn (3 damage)
             ... on level 3 of the Abyss.
             The game lasted 00:19:32 (8447 turns).

inmateoo the Arsonist (Deep Elf Fire Elementalist)  Turns: 8447, Time: 00:19:33

Health: 0/56       AC:  8    Str:  6    XL:     10   Next: 34%
Magic:  17/24      EV: 14    Int: 23    God:    Vehumet [*.....]
Gold:   413        SH:  0    Dex: 17    Spells: 4 memorised, 12 levels left

rFire  . . .     SeeInvis .     s - +3 dagger (elec)
rCold  . . .     Clarity  .     A - +1 robe {Archmagi}
rNeg   . . .     SustAt   +     (no shield)
rPois  +         Gourm    .     n - +2 hat
rElec  .         Spirit   .     t - +2 cloak
rCorr  .         Warding  .     (no gloves)
rMut   .         Stasis   .     (no boots)
MR     +....                    (no amulet)
Stlth  ++++......               (no ring)
                                p - ring of sustain attributes

@: constricted, somewhat resistant to hostile enchantments, stealthy
A: agile 1, breathe flames 1, deterioration 1, poison resistance, subdued magic
1
a: Renounce Religion, Breathe Fire


You were on level 3 of the Abyss.
You worshipped Vehumet.
Vehumet was aware of your devotion.
You were hungry.

You visited 2 branches of the dungeon, and saw 9 of its levels.
You visited the Abyss 1 time.

You collected 413 gold pieces.

Inventory:

Hand Weapons
 s - a +3 dagger of electrocution (weapon)
 v - a +2 scythe of venom
 C - a +1 scimitar of flaming
Armour
 n - a +2 hat (worn)
 t - a +2 cloak (worn)
 A - a +1 robe of the Archmagi (worn)
Jewellery
 p - a ring of sustain attributes (left hand)
 E - an uncursed amulet of rage {unknown}
Wands
 a - a wand of slowing (48)
 e - a wand of confusion (28)
 x - a wand of magic darts (28)
 y - a wand of random effects (18)
 z - a wand of heal wounds (1)
Scrolls
 h - 3 scrolls of remove curse
 k - 2 scrolls of teleportation
 m - 5 scrolls of recharging
 o - 5 scrolls of enchant armour
 D - a scroll of silence
 F - a scroll of identify
Potions
 d - a potion of agility
 f - a potion of invisibility
 g - 3 potions of curing
 j - a potion of berserk rage
 u - a potion of lignification
Books
 b - a book of Flames

   Spells                             Type                      Level
   a - Flame Tongue                   Conjuration/Fire             1
   b - Throw Flame                    Conjuration/Fire             2
   c - Conjure Flame                  Conjuration/Fire             3
   d - Inner Flame                    Hexes/Fire                   3
   e - Sticky Flame                   Conjuration/Fire             4
   f - Fireball                       Conjuration/Fire             5
Comestibles
 c - 7 bread rations
 i - a meat ration
 l - 3 beef jerkies
 B - 7 slices of pizza


   Skills:
 + Level 3.4 Fighting
 + Level 7.6 Dodging
 + Level 8.1 Stealth
 + Level 8.1 Spellcasting
 + Level 6.6 Conjurations
 * Level 10.1 Fire Magic


You had 12 spell levels left.
You knew the following spells:

 Your Spells              Type           Power        Failure   Level  Hunger
a - Flame Tongue          Conj/Fire      #####        1%          1    None
b - Fireball              Conj/Fire      #####.....   4%          5    #####..
c - Conjure Flame         Conj/Fire      #####...     1%          3    None
d - Sticky Flame          Conj/Fire      #####...     1%          4    ###....


Dungeon Overview and Level Annotations

Branches:
Dungeon (8/15)             Temple (1/1) D:6
   Lair: D:8-11

Altars:
Ashenzari
Dithmenos
Fedhas
Gozag
Makhleb
Nemelex Xobeh
Ru
Sif Muna
Vehumet
Xom
Yredelemnul
Zin

Shops:
D:6 (

Annotations:
D:8 Erolcha


Innate Abilities, Weirdness & Mutations

You are agile. (Dex +2)
You can breathe flames.
Your body sometimes deteriorates upon taking damage.
Your system is resistant to poisons.
Your spells are a little easier to cast, but a little less powerful.


Message History

You feel a surge of power!
The flame tongue hits the tentacled starspawn.
The tentacled starspawn is heavily damaged.
The starspawn tentacle loses its grip on you.
The tentacled starspawn burns!
The starspawn tentacle grabs you.
* * * LOW HITPOINT WARNING * * *
The starspawn tentacle constricts you.
The starspawn tentacle loses its grip on you.
The tentacle pulls you backwards! The starspawn tentacle grabs you.
* * * LOW HITPOINT WARNING * * *
The starspawn tentacle constricts you.
Read which item? (? for menu, Esc to quit)
As you read the scroll of fear, it crumbles to dust.
You assume a fearsome visage.
The tentacled starspawn is unaffected.
The starspawn tentacle is unaffected.
The starspawn tentacle segment is unaffected. x3
The starspawn tentacle is unaffected.
The starspawn tentacle segment is unaffected.
The tentacled starspawn burns!
The tentacled starspawn bites you.
You die...

###. .#.....# #..
...... .#..
#.####..#..##..
.. #%...#...#.##
##...#...#..##..#
##. ##... #....#
# #.... *..#
##..*###w.#
#.#.**X@#
##...#w## #.#####
# ## ##


You could see a tentacled starspawn (burning) and 2 starspawn tentacles.

Vanquished Creatures
  Erica (D:8)
  The ghost of WarriorsX the Chiller, a novice HuIE of Nemelex Xobeh (D:6)
  The ghost of F1L1N the Ducker, a novice GrBe of Trog (D:4)
  Sigmund (D:6)
  A human (D:7)
  A yak (D:7)
  A hippogriff (D:7)
  Menkaure (D:6)
  Edmund (D:4)
  2 phantoms
  2 black bears
  4 ogres
  2 centaurs
  Blork the orc (D:6)
  6 giant frogs
  3 scorpions
  6 killer bees (D:7)
  4 wights (D:7)
  8 crimson imps
  4 hounds
  Crazy Yiuf (D:7)
  3 jellies
  A giant frog skeleton (D:4)
  3 orc priests
  4 iguanas
  3 worker ants
  A gnoll shaman (D:7)
  6 orc wizards
  3 sheep (D:7)
  A hound zombie (D:5)
  2 hound skeletons (D:4)
  6 gnolls
  6 adders
  6 shadow imps
  2 oozes
  2 adder zombies (D:6)
  3 worms
  2 giant geckos
  30 orcs
  3 ball pythons
  6 giant cockroaches
  6 hobgoblins
  8 jackals
  4 quokkas
  2 bats (D:1)
  3 giant gecko skeletons
  A giant gecko zombie (D:5)
  8 giant newts
  2 gnoll zombies (D:3)
  8 goblins
  A jackal zombie (D:6)
  4 kobolds
  5 rats
197 creatures vanquished.

Vanquished Creatures (others)
  A hound (D:4)
  A worker ant (D:4)
  An orc (D:4)
  A starspawn tentacle (Abyss:3)
  148 starspawn tentacle segments (Abyss:3)
152 creatures vanquished.

Grand Total: 349 creatures vanquished

Notes
Turn   | Place    | Note
--------------------------------------------------------------
     0 | D:1      | inmateoo the Deep Elf Fire Elementalist began the quest for the Orb.
     0 | D:1      | Reached XP level 1. HP: 10/10 MP: 6/6
   213 | D:1      | Reached XP level 2. HP: 15/15 MP: 5/8
   897 | D:2      | Reached skill level 4 in Fire Magic
   897 | D:2      | Reached XP level 3. HP: 19/19 MP: 5/9
   902 | D:2      | Learned a level 3 spell: Conjure Flame
  1418 | D:2      | Found a sparkling altar of Nemelex Xobeh.
  1503 | D:3      | Reached XP level 4. HP: 24/24 MP: 5/11
  1509 | D:3      | Learned a level 4 spell: Sticky Flame
  1652 | D:3      | Reached XP level 5. HP: 15/28 MP: 7/12
  1757 | D:3      | Found a basalt altar of Yredelemnul.
  2103 | D:3      | Found a blossoming altar of Fedhas.
  2191 | D:4      | Reached skill level 5 in Fire Magic
  2433 | D:4      | Noticed Edmund
  2495 | D:4      | Killed Edmund
  2495 | D:4      | Reached XP level 6. HP: 21/32 MP: 0/14
  2568 | D:4      | Found a sacrificial altar of Ru.
  3013 | D:4      | Noticed F1L1N's ghost (novice GrBe)
  3260 | D:4      | Killed F1L1N's ghost
  3260 | D:4      | Reached skill level 5 in Spellcasting
  3260 | D:4      | Reached skill level 6 in Fire Magic
  3260 | D:4      | Reached XP level 7. HP: 16/36 MP: 1/16
  3539 | D:4      | Reached skill level 5 in Stealth
  3833 | D:5      | Entered Level 5 of the Dungeon
  3938 | D:5      | Reached skill level 5 in Dodging
  3938 | D:5      | Reached skill level 7 in Fire Magic
  3938 | D:5      | Reached XP level 8. HP: 35/41 MP: 3/18
  4037 | D:5      | Learned a level 5 spell: Fireball
  4891 | D:6      | Reached skill level 5 in Conjurations
  4957 | D:6      | Reached skill level 8 in Fire Magic
  5168 | D:6      | Found Ving's Weapon Boutique.
  5272 | D:6      | Noticed WarriorsX's ghost (novice HuIE)
  5293 | D:6      | Killed WarriorsX's ghost
  5293 | D:6      | Reached skill level 1 in Fighting
  5293 | D:6      | Reached XP level 9. HP: 44/47 MP: 6/20
  5484 | D:6      | Found a staircase to the Ecumenical Temple.
  5497 | D:6      | Noticed Blork the orc
  5500 | Temple   | Entered the Ecumenical Temple
  5508 | Temple   | Became a worshipper of Vehumet
  5524 | D:6      | Killed Blork the orc
  5594 | D:6      | Noticed Sigmund
  5600 | D:6      | Killed Sigmund
  5824 | D:6      | Noticed Menkaure
  5833 | D:6      | Killed Menkaure
  5833 | D:6      | Reached skill level 9 in Fire Magic
  6269 | D:7      | Reached * piety under Vehumet
  6269 | D:7      | Offered knowledge of Shock by Vehumet.
  7047 | D:7      | Reached XP level 10. HP: 52/54 MP: 12/23
  7141 | D:7      | Found a shimmering altar of Xom.
  7242 | D:7      | Noticed Crazy Yiuf
  7250 | D:7      | Killed Crazy Yiuf
  8115 | D:8      | Gained mutation: Your body sometimes deteriorates upon taking damage. [potion of mutation]
  8115 | D:8      | Gained mutation: Your spells are a little easier to cast, but a little less powerful. [potion of mutation]
  8115 | D:8      | Gained mutation: You are agile. (Dex +2) [potion of mutation]
  8116 | D:8      | Gained mutation: Your system is resistant to poisons. [potion of mutation]
  8116 | D:8      | Gained mutation: You are occasionally teleported next to monsters. [potion of mutation]
  8117 | D:8      | Gained mutation: You can breathe flames. [potion of mutation]
  8117 | D:8      | Lost mutation: You are occasionally teleported next to monsters. [potion of mutation]
  8125 | D:8      | Found a burning altar of Makhleb.
  8131 | D:8      | Noticed Erica
  8150 | D:8      | Killed Erica
  8150 | D:8      | Reached skill level 10 in Fire Magic
  8208 | D:8      | Noticed Erolcha
  8211 | D:8      | Reached ** piety under Vehumet
  8211 | D:8      | Offered knowledge of Searing Ray by Vehumet.
  8217 | D:8      | Cast into the Abyss (Erolcha)
  8289 | Abyss:3  | Found a corrupted altar of Lugonu.
  8310 | Abyss:3  | Noticed a thrashing horror
  8310 | Abyss:3  | Noticed a thrashing horror
  8325 | Abyss:3  | Noticed a spatial maelstrom
  8325 | Abyss:3  | Noticed a profane servitor
  8386 | Abyss:3  | Noticed a thrashing horror
  8389 | Abyss:3  | Noticed a thrashing horror
  8418 | Abyss:3  | Noticed a starcursed mass
  8425 | Abyss:3  | Noticed a tentacled starspawn
  8446 | Abyss:3  | HP: 2/56 [starspawn tentacle[a tentacled starspawn] (1)]
  8447 | Abyss:3  | Slain by a tentacled starspawn

Action                   |  1- 3 |  4- 6 |  7- 9 | 10-12 || total
-------------------------+-------+-------+-------+-------++-------
Melee: Dagger            |     9 |    41 |   171 |    29 ||   250
       Scythe            |       |    84 |       |       ||    84
 Cast: Flame Tongue      |    67 |    70 |   161 |    80 ||   378
       Sticky Flame      |       |     3 |    14 |     8 ||    25
       Conjure Flame     |       |    19 |     5 |     2 ||    26
  Use: Potion            |       |     1 |     2 |     6 ||     9
       Scroll            |       |       |    16 |     8 ||    24
 Stab: Sleeping          |     1 |     4 |     3 |     3 ||    11
       Distracted        |       |       |     2 |       ||     2
  Eat: Chunk             |     2 |     4 |     8 |     3 ||    17
       Fruit             |       |     1 |     1 |       ||     2
       Meat ration       |       |     1 |       |       ||     1
       Beef jerky        |       |       |     1 |     1 ||     2
